 Dungeon Crawl Stone Soup version 0.26-a0-649-gf8c6c3aab7 (webtiles) character file.

Game seed: 702684683248458844

8 nomicflux the Conjurer (level 2, 0/15 HPs)
             Began as a Deep Elf Conjurer on Sept 27, 2020.
             Killed from afar by an orc wizard (8 damage)
             ... with a puff of flame
             ... on level 3 of the Dungeon.
             The game lasted 00:00:52 (221 turns).

nomicflux the Conjurer (Deep Elf Conjurer)           Turns: 221, Time: 00:00:52

Health: 0/15       AC:  2    Str:  4    XL:     2   Next: 0%
Magic:  4/8        EV: 13    Int: 22    God:
Gold:   20         SH:  0    Dex: 13    Spells: 7/8 levels left

rFire    . . .     SeeInvis .   (no weapon)
rCold    . . .     Faith    .   (no shield)
rNeg     . . .     Spirit   .   a - +0 robe
rPois    .         Reflect  .   (no helmet)
rElec    .         Harm     .   (no cloak)
rCorr    .         Rampage  .   (no gloves)
MR       .....                  (no boots)
Stlth    ++........             (no amulet)
HPRegen  0.05/turn              (no ring)
MPRegen  0.11/turn              (no ring)

@: no status effects
A: no striking features
a: no special abilities


You were on level 3 of the Dungeon.
You visited 1 branch of the dungeon, and saw 3 of its levels.

You collected 20 gold pieces.

Inventory:

Armour
 a - a +0 robe (worn)
Jewellery
 d - an uncursed ring of wizardry {unknown}
Scrolls
 b - a scroll of remove curse {unknown}
 c - a scroll of identify {unknown}


   Skills:
 - Level 2.4 Dodging
 - Level 2.4 Stealth
 + Level 3.5 Spellcasting
 + Level 4.6 Conjurations


You had 7 spell levels left.
You knew the following spells:

 Your Spells              Type           Power        Failure   Level
a - Magic Dart            Conj           ###.         1%          1

Your spell library contained the following spells:

 Spells                   Type           Power        Failure   Level
 Searing Ray              Conj           ###...       2%          2
 Dazzling Flash           Conj/Hex       ##....       14%         3
 Fulminant Prism          Conj/Hex       ##........   41%         4
 Iskenderun's Mystic Bla  Conj/Tloc      ##......     41%         4


Dungeon Overview and Level Annotations

Branches:
Dungeon (3/15)

Altars:

Annotations:
D:2 Terence


Message History

Press: ? - help, Shift-Dir - straight line, f/p - orc
Aim: an orc, wielding a +0 war axe and wearing a +0 scale mail (almost dead)
The magic dart hits the orc.
You kill the orc!
You have reached level 2!
You start resting.
You hear the slow rusting of a very distant drain.
You start resting.
An orc wizard comes into view. It is wielding a +0 dagger.
Casting: Magic Dart (safe; 1% risk of failure)
Confirm with . or Enter, or press ? or * to list all spells.
Aiming: Magic Dart (safe; 1% risk of failure)
Press: ? - help, Shift-Dir - straight line, f - orc wizard
Aim: an orc wizard, wielding a +0 dagger and wearing a +0 robe (wandering, hasn't noticed you)
The magic dart hits the orc wizard but does no damage.
The orc wizard shouts!
The orc wizard casts a spell at you. The puff of flame hits you!
Ouch! That really hurt!
You die...

##. .. ..# ##...
.# #.# #.... .##.#
....(. .#.#
#.....###..######.
#...).<..o.......
##.###.##.######
#.######o#
#....@...#
##########


You could see an orc wizard.

Vanquished Creatures
  An ooze (D:2)
  An orc (D:3)
  A kobold (D:3)
3 creatures vanquished.

Notes
Turn   | Place    | Note
-------+----------+-------------------------------------------
     0 | D:1      | nomicflux the Deep Elf Conjurer began the quest for the
                  | Orb.
     0 | D:1      | Reached XP level 1. HP: 10/10 MP: 6/6
    60 | D:1      | You fall into a shaft and drop 1 floor!
    61 | D:2      | Noticed Terence
   186 | D:3      | Reached XP level 2. HP: 6/15 MP: 1/8
   221 | D:3      | Killed from afar by an orc wizard

Illustrated notes

Levels and vault maps discovered:
D:1:      psy_arrival_conway, layout_basic, minmay_misc_feat_five
D:2:      layout_basic, lemuel_doored_altar, minmay_box_of_dots, uniq_terence
D:3:      layout_loops_corners, gup_sewer_entry_bubbles, kennysheep_small_spiral

Action                   || total
-------------------------++-------
 Cast: Magic Dart        ||    11
Armor: Robe              ||    12
Dodge: Dodged            ||    26

Table legend: (Time is in decaauts)
 A = Elapsed time spent in this place.
 B = Non-inter-level travel time spent in this place.
 C = Inter-level travel time spent in this place.
 D = Time resting spent in this place.
 E = Time spent auto-exploring this place.
 F = Levels seen in this place.
 G = Mean time per level.
                   A        B        C        D        E       F      G
               +--------+--------+--------+--------+--------+-----+--------+
         Total |    221 |    221 |      0 |     90 |     59 |   3 |   73.7 |
       Dungeon |    221 |    221 |      0 |     90 |     59 |   3 |   73.7 |
               +--------+--------+--------+--------+--------+-----+--------+

Top non-repeatable levels by time:
     D:3: 105 daAuts
     D:1: 61 daAuts
     D:2: 54 daAuts
